 Dungeon Crawl Stone Soup version 0.23-a0-175-g97aacdb (webtiles) character file.

105 Amnesiac the Chiller (level 4, -4/30 HPs)
             Began as a Mummy Ice Elementalist on Sept 16, 2018.
             Killed from afar by Dowan (19 damage)
             ... with a wand of flame (27)
             ... on level 4 of the Dungeon.
             The game lasted 00:03:53 (2140 turns).

Amnesiac the Chiller (Mummy Ice Elementalist)       Turns: 2140, Time: 00:03:53

Health: -4/30      AC:  3    Str: 11    XL:     4   Next: 53%
Magic:  9/9        EV: 12    Int: 15    God:
Gold:   84         SH:  0    Dex: 12    Spells: 0/10 levels left

rFire    x . .     SeeInvis .   d - -1 hunting sling
rCold    + . .     Gourm    .   (no shield)
rNeg     + + +     Faith    .   a - +0 robe
rPois    ∞         Spirit   .   (no helmet)
rElec    .         Reflect  .   (no cloak)
rCorr    .         Harm     .   (no gloves)
MR       .....                  i - +0 pair of boots
Stlth    ++........             (no amulet)
HPRegen  0.10/turn              (no ring)
MPRegen  0.11/turn              (no ring)

@: no status effects
A: no food or potions, fire vulnerability, cold resistance 1, negative energy
resistance 3, torment resistance, unbreathing
a: no special abilities


You were on level 4 of the Dungeon.
You were not hungry.

You visited 1 branch of the dungeon, and saw 5 of its levels.

You collected 84 gold pieces.

Inventory:

Hand Weapons
 d - a -1 hunting sling (weapon)
 k - a +2 hand axe of distortion
Missiles
 e - 111 stones (quivered)
 g - 19 sling bullets
Armour
 a - a +0 robe (worn)
 i - a +0 pair of boots (worn)
Scrolls
 b - a scroll of teleportation {!r, unknown}
 c - a scroll of enchant weapon {!r, unknown}
 f - 3 scrolls of identify {!r, unknown}
 h - a scroll of enchant armour {!r, unknown}
 j - a scroll of remove curse {!r}


   Skills:
 - Level 1.5 Dodging
 - Level 1.5 Stealth
 + Level 3.9 Spellcasting
 - Level 0.7 Conjurations
 * Level 4.0 Ice Magic


You couldn't memorise any spells.
You knew the following spells:

 Your Spells              Type           Power        Failure   Level  Hunger
a - Freeze                Ice            ##..         3%          1    N/A
b - Throw Frost           Conj/Ice       ##....       11%         2    N/A
d - Throw Icicle          Conj/Ice       ##......     56%         4    N/A
z - Ozocubu's Armour      Chrm/Ice       #.......     24%         3    N/A

Your spell library contained the following spells:

 Spells                   Type           Power        Failure   Level  Hunger
 Summon Ice Beast         Ice/Summ       #.......     63%         4    N/A

Dungeon Overview and Level Annotations

Branches:
Dungeon (5/15)
 Temple: D:4-7

Altars:

Annotations:
D:2 Sigmund
D:3 Ijyb
D:4 Dowan


Innate Abilities, Weirdness & Mutations

You do not eat or drink.
Your flesh is vulnerable to fire.
You are immune to poison.
Your flesh is cold resistant. (rC+)
You are immune to negative energy. (rN+++)
You are immune to unholy pain and torment.
You can survive without breathing.


Message History

You freeze the orc.
The orc is almost dead.
The orc hits you with a trident!
* * * LOW HITPOINT WARNING * * *
Casting: Freeze (safe; 3% risk of failure)
Confirm with . or Enter, or press ? or * to list all spells.
Aiming: Freeze (safe; 3% risk of failure)
Press: ? - help, Shift-Dir - straight line, f/p - orc
Aim: an orc, wielding a trident (almost dead)
You freeze the orc.
You kill the orc!
Your Ice Magic skill increases to level 4!
Casting: Freeze (safe; 3% risk of failure)
Confirm with . or Enter, or press ? or * to list all spells.
You can't see any susceptible monsters within range! (Use Z to cast anyway.)
Things that are here:
a trident; an orc corpse
Things that are here:
a chain mail; an orc corpse You start resting.
Magic restored.
You start resting.
You start resting.
Magic restored.
j - a scroll of remove curse {!r} You see here a runed hand axe.
k - a runed hand axe You start resting.
HP restored.
e - 95 stones (gained 20)
You now have 84 gold pieces (gained 16).
e - 96 stones (gained 1)
f - 3 scrolls labeled FOWKIWNASI {!r} (gained 1) As you open the door, it creaks loudly!
You open the door.
There is an open door here.
Things that are here:
a trident; an orc corpse
Things that are here:
a chain mail; an orc corpse
There is a stone staircase leading up here.
You climb upwards.
There is a stone staircase leading down here.
HP restored.
e - 111 stones (gained 15) Dowan, Brother of Duvessa comes into view.
He is wielding a dagger of draining.
Found a green potion.
Dowan is nearby!
Dowan zaps a wand.
The puff of flame hits you! The fire burns you terribly!
It is a wand of flame (30).
You aren't carrying any items that you can evoke.
You start resting.
Dowan is too close now for your liking.
Dowan smirks and points a slender finger.
Dowan zaps a wand.
The puff of flame hits you! The fire burns you terribly!
* * * LOW HITPOINT WARNING * * *
Casting: Freeze (safe; 3% risk of failure)
Confirm with . or Enter, or press ? or * to list all spells.
You can't see any susceptible monsters within range! (Use Z to cast anyway.) Dowan zaps a wand.
The puff of flame misses you.
Dowan zaps a wand.
The puff of flame misses you.
Dowan zaps a wand.
The puff of flame hits you! The fire burns you terribly!
Ouch! That really hurt!
You die...

..........### #..########...
......e.....########.## ##...##
..........#.....##...# #..###
...>......####e.....#######.####
..........###..####.....>......#
..........##..## ######....##...
.!..........e###########.#.....#.
........................#.#####
#.....#..#####@.....##......#
#.....# #.####..>........ #..#.##
##.# ####........ #..#..####..#
........# ##.###..<...##
#..)....# #..#####...## .
#......## ##..#......## #.#
#.####.# ..[...####..#...# #.# .#
..#...####....# .#


You could see Dowan.

Vanquished Creatures
  A worker ant (D:5)
  Terence (D:1)
  An adder (D:2)
  A dart slug (D:3)
  3 orcs (D:5)
  A giant cockroach (D:1)
  3 goblins
  6 hobgoblins
  6 jackals
  A quokka (D:2)
  2 ball pythons (D:1)
  5 bats
  2 frilled lizards (D:1)
  4 kobolds
  4 rats
41 creatures vanquished.

Notes
Turn   | Place    | Note
-------+----------+-------------------------------------------
     0 | D:1      | Amnesiac the Mummy Ice Elementalist began the quest for the
                  | Orb.
     0 | D:1      | Reached XP level 1. HP: 13/13 MP: 4/4
   260 | D:1      | Reached XP level 2. HP: 18/19 MP: 0/5
   277 | D:1      | Learned a level 2 spell: Throw Frost
   329 | D:1      | Reached skill level 3 in Ice Magic
  1242 | D:2      | Reached XP level 3. HP: 24/24 MP: 7/7
  1247 | D:2      | Learned a level 3 spell: Ozocubu's Armour
  1249 | D:2      | Noticed Sigmund
  1292 | D:2      | Noticed Terence
  1540 | D:1      | Killed Terence
  1655 | D:2      | Reached XP level 4. HP: 23/30 MP: 1/9
  1725 | D:3      | Learned a level 4 spell: Throw Icicle
  1779 | D:3      | Noticed Ijyb
  1808 | D:5      | Entered Level 5 of the Dungeon
  1906 | D:5      | Reached skill level 4 in Ice Magic
  2115 | D:4      | Noticed Dowan
  2140 | D:4      | Killed from afar by Dowan

Vault maps used:
D:1:      lightli_arrival_statue_moat
D:2:      ashenzari_conservatory_becter, serial_forest,
          infiniplex_forest_clump_tiny, infiniplex_forest_straight_5,
          infiniplex_forest_clump_double, infiniplex_forest_clump_tiny,
          infiniplex_forest_clump_tiny, infiniplex_forest_join,
          infiniplex_forest_diagonal, uniq_sigmund, uniq_terence,
          uniq_crazy_yiuf_cottage, uniq_robin
D:3:      xom_teletrap_fun, nemelex_spade_bored_becter, uniq_ijyb
D:4:      tso_altar, first_ration, serial_shops, shop, uniq_edmund, uniq_duvessa
D:5:      serial_shops, shop

Skill      XL: |  1  2  3  4 |
---------------+-------------+-----
Ice Magic      | 3 4 |  4.0
Spellcasting   | 3 |  3.9
Dodging        | |  1.5
Stealth        | |  1.5
Conjurations   | |  0.7

Action                   |  1- 3 |  4- 6 || total
-------------------------+-------+-------++-------
Melee: Unarmed           |     6 |       ||     6
 Fire: Hunting sling     |    30 |     5 ||    35
 Cast: Freeze            |    59 |    15 ||    74
  Use: Scroll            |     1 |       ||     1
Armor: Robe              |    16 |     1 ||    17
Dodge: Dodged            |    62 |    13 ||    75

Table legend:
 A = Non-vault XP
 B = Vault XP
 C = Vault XP percentage of total XP
 D = Non-vault monster count
 E = Vault monster count
 F = Vault count percentage of total count
                 A         B        C        D         E       F
            +---------+---------+-------+---------+---------+-------
      Total |     116 |      34 |  22.7 |      39 |       2 |   4.9
            +---------+---------+-------+---------+---------+-------
        D:1 |      32 |      32 |  50.0 |      21 |       1 |   4.5
        D:2 |      32 |       2 |   5.9 |      11 |       1 |   8.3
        D:3 |       7 |       0 |   0.0 |       3 |       0 |   0.0
        D:5 |      45 |       0 |   0.0 |       4 |       0 |   0.0
            +---------+---------+-------+---------+---------+-------
